 Dungeon Crawl Stone Soup version 0.16.2-12-gd0ad4c3 (webtiles) character file.

30445 faibistes the Thaumaturge (level 13, 0/72 HPs)
             Began as a Deep Elf Wizard on Feb 3, 2018.
             Was the Champion of Sif Muna.
             Slain by a wolf (9 damage)
             ... on level 5 of the Lair of Beasts.
             The game lasted 01:21:56 (26351 turns).

faibistes the Thaumaturge (Deep Elf Wizard)        Turns: 26351, Time: 01:21:57

Health: 0/72       AC:  7    Str:  4    XL:     13   Next: 20%
Magic:  17/45      EV: 16    Int: 34    God:    Sif Muna [******]
Gold:   1042       SH:  0    Dex: 13    Spells: 11 memorised, 2 levels left

rFire  . . .     SeeInvis .     I - staff of poison
rCold  . . .     Clarity  .     a - +0 robe
rNeg   . . .     SustAb   .     (no shield)
rPois  +         Gourm    .     M - +2 hat {Int+3}
rElec  .         Spirit   .     L - +0 cloak
rCorr  .         Warding  .     i - +0 pair of gloves
rMut   .         Stasis   .     Z - +0 pair of boots
MR     +....                    (no amulet)
Stlth  ++........               G - ring of magical power
                                c - +2 ring of intelligence

@: repel missiles, somewhat resistant to hostile enchantments, unstealthy
A: no striking features
a: Channel Energy, Forget Spell, Renounce Religion


You were on level 5 of the Lair of Beasts.
You worshipped Sif Muna.
Sif Muna was exalted by your worship.
You were not hungry.

You visited 3 branches of the dungeon, and saw 19 of its levels.
You also visited: Sewer and Bailey.

You collected 1042 gold pieces.

Inventory:

Hand weapons
 r - a +0 dagger of holy wrath
 w - a +3 dagger of electrocution
 W - a +0 spear of venom
Armour
 a - a +0 robe (worn)
 i - a +0 pair of gloves (worn)
 L - a +0 cloak (worn)
 M - a +2 hat of intelligence (worn)
 Z - a +0 pair of boots (worn)
Magical staves
 I - an uncursed staff of poison (weapon)
Jewellery
 b - an uncursed ring of protection from cold
 c - a +2 ring of intelligence (left hand)
 j - an uncursed ring of flight
 l - an uncursed ring of stealth
 y - a +3 ring of protection
 G - a ring of magical power (right hand)
 U - a +4 ring of protection
Magical devices
 u - a wand of lightning (6)
 x - a wand of lightning (6)
 H - a wand of cold (7)
 J - a wand of disintegration (14)
 K - a wand of frost (7)
 N - a wand of fire (12)
 R - a wand of lightning (5)
 T - a wand of hasting (7)
 V - a wand of draining (2)
Scrolls
 p - 2 scrolls of teleportation
 t - 4 scrolls of blinking
 v - 4 scrolls of recharging
 A - 2 scrolls of summoning
 C - 2 scrolls of immolation
 Y - a scroll of brand weapon
Potions
 h - 5 potions of curing
 m - 3 potions of brilliance
 s - a potion of ambrosia
 z - 2 potions of cure mutation
 B - a potion of agility
 D - 2 potions of cancellation
 F - a potion of resistance {unknown}
 O - 2 potions of might
 Q - a potion of haste {unknown}
 S - a potion of restore abilities {unknown}
Books
 e - Sif Muna's Volume of Attacks
   (Sif Muna gifted it to you on level 3 of the Lair of Beasts)

   Spells                             Type                      Level
   a - Sting                          Conjuration/Poison           1
   b - Searing Ray                    Conjuration                  2
   c - Throw Flame                    Conjuration/Fire             2
   d - Throw Frost                    Conjuration/Ice              2
   e - Bolt of Fire                   Conjuration/Fire             6
   f - Poison Arrow                   Conjuration/Poison           6
Miscellaneous
 o - a lamp of fire
Comestibles
 d - 9 bread rations
 f - 6 slices of pizza
 k - 9 meat rations
 n - 9 beef jerkies
 E - 12 fruits
 P - 11 royal jellies


   Skills:
 + Level 4.5 Fighting
 + Level 8.4 Dodging
 - Level 2.4 Stealth
 * Level 13.3 Spellcasting
 + Level 7.9 Conjurations
 - Level 7.5 Charms
 - Level 4.5 Summonings
 + Level 6.4 Translocations
 + Level 7.7 Fire Magic
 - Level 4.5 Air Magic
 * Level 7.6 Earth Magic
 - Level 3.0 Poison Magic
 * Level 8.2 Invocations
 + Level 6.2 Evocations


You had 2 spell levels left.
You knew the following spells:

 Your Spells              Type           Power        Failure   Level  Hunger
a - Magic Dart            Conj           ####         1%          1    None
b - Conjure Flame         Conj/Fire      ######..     1%          3    None
c - Call Imp              Summ           ######..     1%          2    None
d - Blink                 Tloc           N/A          1%          2    None
e - Mephitic Cloud        Conj/Pois/Air  ######..     1%          3    None
f - Repel Missiles        Chrm/Air       ######       1%          2    None
g - Iskenderun's Battles  Conj/Chrm      ######..     1%          5    None
h - Dazzling Spray        Conj/Hex       #####...     1%          3    None
j - Bolt of Magma         Conj/Fire/Erth ######....   1%          5    None
v - Bolt of Fire          Conj/Fire      ######....   14%         6    ###....
z - Iskenderun's Mystic   Conj           ######..     1%          4    None


Dungeon Overview and Level Annotations

Branches:
Dungeon (12/15)            Temple (1/1) D:4            Lair (6/8) D:11
  Swamp: Lair:3-6    Shoals: Lair:3-6     Snake: Lair:3-6    Spider: Lair:3-6
  Slime: Lair:6-8       Orc: D:9-12

Altars:
Ashenzari
Cheibriados
Dithmenos
Elyvilon
Fedhas
Gozag
Kikubaaqudgha
Makhleb
Nemelex Xobeh
Okawaru
Qazlal
Ru
Sif Muna
Trog
Vehumet
Xom
Yredelemnul
Zin
The Shining One

Annotations:
D:2 2 runed doors


Message History

The fungus is almost destroyed.
The hippogriff is engulfed in noxious fumes.
The hippogriff appears confused.
Casting: Mephitic Cloud
Confirm with . or Enter, or press ? or * to list all spells.
Okay, then.
Unknown command.
Casting: Mephitic Cloud
Confirm with . or Enter, or press ? or * to list all spells.
You blink.
The wolf barely misses you.
The hippogriff is engulfed in noxious fumes.
The hippogriff appears confused.
The wolf barely misses you.
Casting: Blink
Confirm with . or Enter, or press ? or * to list all spells.
You blink.
The wolf bites you.
* * * LOW HITPOINT WARNING * * *
The wolf bites you.
* * * LOW HITPOINT WARNING * * *
The wolf barely misses you. The wolf bites you!
You die...

♣♣♣♣♣♣♣≈ ♣P≈♣≈≈≈♣
≈≈≈≈≈≈≈♣ ≈≈≈≈≈≈≈♣♣
≈≈≈≈≈≈≈≈♣♣# ########
P≈≈PP≈≈≈≈≈###.#....###
≈≈P≈≈..≈≈≈.>.........#
................§h§..##
................@h....#
......≈.≈≈≈♣.....h....#
≈.≈≈≈≈≈≈≈♣≈≈.§§§P....##
≈≈P≈≈≈≈≈♣≈≈H##§P.P+..#
P≈≈♣♣P≈♣≈#####§P##.###
♣♣♣♣♣♣♣♣≈# #%.....# ###
###...#.## ###....####
#.#...## ##


You could see a hippogriff (confused) and 3 wolves.

Vanquished Creatures
  Gastronok (Lair:2)
  2 hydras
  Pikel (D:7)
  A griffon (Lair:4)
  2 ugly things
  5 elephants (Lair:5)
  3 black mambas
  A centaur zombie (D:11)
  A queen ant (Lair:2)
  5 spiny frogs
  Psyche (D:11)
  4 komodo dragons
  4 fire drakes
  A troll (D:10)
  4 blink frogs (Lair:1)
  2 two-headed ogres (D:11)
  6 basilisks
  5 wyverns
  12 yaks
  A deep elf mage (D:11)
  Eustachio (D:7)
  2 hungry ghosts
  12 hippogriffs
  5 wolves (Lair:5)
  A deep elf fighter (D:11)
  A mottled dragon (D:11)
  15 soldier ants
  A hell hound (Lair:5)
  3 water moccasins
  3 sky beasts
  11 ice beasts
  3 black bears
  6 porcupines
  A spider (D:9)
  5 orc warriors (Bailey)
  2 phantoms (D:9)
  3 slaves (D:7)
  A wasp (D:9)
  4 centaurs
  5 ogres
  A boring beetle (D:9)
  Sigmund (D:2)
  2 big kobolds
  11 crocodiles
  10 giant frogs
  7 scorpions
  8 killer bees
  4 wights (D:10)
  4 electric eels (D:10)
  2 goliath beetles
  5 crimson imps
  A quasit (D:7)
  36 worker ants
  2 giant frog skeletons
  4 orc priests
  7 jellies
  A giant frog zombie (D:6)
  6 hounds
  5 orc wizards
  Natasha (twice) (D:4)
  6 iguanas
  A hound skeleton (D:6)
  3 worker ant zombies
  12 gnolls
  28 adders
  44 river rats
  3 shadow imps
  12 giant mites
  3 worms
  2 adder zombies
  17 giant geckos
  8 oozes (Sewer)
  28 orcs
  3 bat skeletons
  12 giant cockroaches
  22 goblins
  17 hobgoblins
  8 jackals
  9 quokkas
  A sheep (D:2)
  7 ball pythons
  18 bats
  16 giant newts
  A giant spore (D:9)
  37 kobolds
  27 rats
  3 ballistomycetes
  A fungus (Lair:3)
615 creatures vanquished.

Vanquished Creatures (collateral kills)
  A soldier ant (Lair:2)
  A giant frog (Sewer)
  A hound (D:4)
  2 worker ants (Lair:2)
  Ijyb (D:2)
  An adder (D:2)
  A jackal skeleton (D:4)
  A kobold (D:2)
9 creatures vanquished.

Vanquished Creatures (others)
  A deep elf mage (D:9)
  A killer bee (D:8)
  An iron imp (D:4)
  An orc priest (D:8)
  3 worker ants (Lair:2)
  An orc (D:8)
  2 giant spores
  A ballistomycete (D:11)
  21 fungi
  A plant (Lair:5)
33 creatures vanquished.

Grand Total: 657 creatures vanquished

Notes
Turn   | Place    | Note
--------------------------------------------------------------
     0 | D:1      | faibistes, the Deep Elf Wizard, began the quest for the Orb.
     0 | D:1      | Reached XP level 1. HP: 10/10 MP: 6/6
   346 | D:1      | Reached XP level 2. HP: 15/15 MP: 5/10
   389 | D:1      | Learned a level 2 spell: Blink
   392 | D:1      | Learned a level 2 spell: Call Imp
   514 | D:2      | Found a shimmering altar of Xom.
   514 | D:2      | Found a runed door.
  1018 | D:2      | Noticed Sigmund
  1057 | D:2      | Found a runed door.
  1080 | D:2      | Noticed Ijyb
  1175 | D:2      | Killed Ijyb
  1175 | D:2      | Reached skill level 5 in Spellcasting
  1175 | D:2      | Reached XP level 3. HP: 19/19 MP: 7/14
  1192 | D:2      | Learned a level 3 spell: Conjure Flame
  1196 | D:2      | Learned a level 3 spell: Mephitic Cloud
  1623 | D:3      | Reached XP level 4. HP: 24/24 MP: 17/17
  1627 | D:3      | Learned a level 2 spell: Repel Missiles
  2029 | D:2      | Killed Sigmund
  2029 | D:2      | Reached skill level 6 in Spellcasting
  2029 | D:2      | Reached XP level 5. HP: 16/28 MP: 14/20
  2189 | D:2      | Found a runed door.
  2190 | D:2      | Found a runed door.
  2191 | D:2      | Found a runed door.
  2575 | D:2      | Found a runed door.
  3015 | D:3      | Reached skill level 7 in Spellcasting
  3015 | D:3      | Reached XP level 6. HP: 32/32 MP: 17/23
  3528 | D:4      | Found a staircase to the Ecumenical Temple.
  3544 | Temple   | Entered the Ecumenical Temple
  3598 | Temple   | Became a worshipper of Sif Muna the Loreminder
  3769 | D:4      | Noticed Natasha
  3782 | D:4      | Killed Natasha
  3984 | D:4      | Found a glowing drain.
  4001 | Sewer    | Entered a sewer
  4726 | Sewer    | Reached XP level 7. HP: 36/36 MP: 21/25
  5039 | Sewer    | Reached skill level 1 in Fire Magic
  5660 | Sewer    | Reached skill level 1 in Air Magic
  6101 | Sewer    | Acquired Sif Muna's first power
  6218 | D:4      | Reached skill level 1 in Poison Magic
  6236 | D:4      | Reached skill level 8 in Spellcasting
  7213 | D:5      | Entered Level 5 of the Dungeon
  7228 | D:4      | Noticed Natasha
  7236 | D:4      | Killed Natasha
  7473 | D:4      | Reached XP level 8. HP: 25/41 MP: 13/27
  8762 | D:6      | Reached skill level 5 in Conjurations
  9005 | D:6      | Acquired Sif Muna's second power
  9836 | D:7      | Reached skill level 9 in Spellcasting
 10269 | D:7      | Found a burning altar of Makhleb.
 10432 | D:7      | Noticed Pikel
 10462 | D:7      | Killed Pikel
 10462 | D:7      | Reached skill level 5 in Dodging
 10462 | D:7      | Reached XP level 9. HP: 17/45 MP: 29/29
 10685 | D:7      | Noticed Eustachio
 10697 | D:7      | Killed Eustachio
 11227 | D:9      | Reached skill level 1 in Invocations
 11240 | D:9      | Reached skill level 1 in Charms
 11361 | D:8      | Reached skill level 1 in Fighting
 11492 | D:8      | Reached skill level 1 in Evocations
 11604 | D:8      | Reached skill level 10 in Spellcasting
 12388 | D:9      | Reached skill level 5 in Fire Magic
 12395 | D:9      | Acquired Sif Muna's third power
 12395 | D:9      | Reached XP level 10. HP: 41/53 MP: 0/31
 12552 | D:10     | Entered Level 10 of the Dungeon
 12572 | D:9      | Found a sparkling altar of Nemelex Xobeh.
 13036 | D:9      | Got a pitted war axe
 13037 | D:9      | Identified the cursed -2 war axe of the Endless March {chop, Str+7} (You found it on level 9 of the Dungeon)
 13522 | D:9      | Learned a level 5 spell: Bolt of Magma
 13527 | D:9      | Learned a level 4 spell: Iskenderun's Mystic Blast
 13701 | D:9      | Reached skill level 1 in Earth Magic
 14658 | D:11     | Found a flagged portal.
 14689 | D:11     | Reached skill level 11 in Spellcasting
 14942 | Bailey   | Entered a bailey
 14978 | Bailey   | Reached skill level 5 in Invocations
 15190 | Bailey   | Got a transparent glaive
 15191 | Bailey   | Identified the +11 glaive of Ihue {antimagic, rElec rF+ Int+6} (You found it in a bailey)
 15354 | D:11     | Reached XP level 11. HP: 38/58 MP: 33/33
 15364 | D:11     | Noticed Psyche
 15966 | D:10     | Noticed a red ugly thing
 15979 | D:10     | Killed a red ugly thing
 17198 | D:11     | Found a snail-covered altar of Cheibriados.
 17260 | D:11     | Reached skill level 5 in Charms
 17345 | D:11     | Killed Psyche
 17826 | D:11     | Found a staircase to the Lair.
 18074 | D:11     | Noticed a cyan ugly thing
 18080 | D:11     | Killed a cyan ugly thing
 18270 | Lair:1   | Entered Level 1 of the Lair of Beasts
 18601 | Lair:1   | Received a gift from Sif Muna
 18602 | Lair:1   | Identified Sif Muna's Papyrus of Confrontation (Sif Muna gifted it to you on level 1 of the Lair of Beasts)
 18660 | Lair:1   | Learned a level 5 spell: Iskenderun's Battlesphere
 18664 | Lair:1   | Learned a level 3 spell: Dazzling Spray
 18803 | Lair:1   | Reached skill level 12 in Spellcasting
 19058 | Lair:1   | Reached skill level 5 in Earth Magic
 19638 | Lair:2   | Reached skill level 5 in Translocations
 19862 | Lair:2   | Reached XP level 12. HP: 59/64 MP: 0/35
 19880 | Lair:2   | Noticed Gastronok
 20670 | Lair:3   | Reached skill level 5 in Evocations
 21253 | Lair:2   | Noticed a seven-headed hydra
 21263 | Lair:2   | Killed a seven-headed hydra
 21952 | Lair:2   | Killed Gastronok
 23421 | Lair:3   | Received a gift from Sif Muna
 23422 | Lair:3   | Identified Sif Muna's Volume of Attacks (Sif Muna gifted it to you on level 3 of the Lair of Beasts)
 23471 | Lair:3   | Learned a level 6 spell: Bolt of Fire
 23952 | Lair:5   | Reached skill level 13 in Spellcasting
 25549 | Lair:4   | Reached XP level 13. HP: 71/71 MP: 13/36
 26302 | Lair:5   | Noticed a four-headed hydra
 26317 | Lair:5   | Killed a four-headed hydra
 26351 | Lair:5   | Slain by a wolf

Action                   |  1- 3 |  4- 6 |  7- 9 | 10-12 | 13-15 || total
-------------------------+-------+-------+-------+-------+-------++-------
Melee: Spear             |    12 |    41 |    74 |       |       ||   127
       Dagger            |       |       |    39 |    34 |       ||    73
       Staff             |       |       |       |    79 |     4 ||    83
 Cast: Magic Dart        |    68 |   140 |   459 |   356 |    30 ||  1053
       Call Imp          |     7 |     3 |     2 |       |       ||    12
       Mephitic Cloud    |     1 |    12 |    27 |    66 |     6 ||   112
       Conjure Flame     |       |     3 |    38 |    54 |     3 ||    98
       Repel Missiles    |       |     1 |       |     1 |       ||     2
       Blink             |       |     1 |     4 |     9 |     3 ||    17
       Iskenderun's Myst |       |       |       |   187 |    10 ||   197
       Bolt of Magma     |       |       |       |    44 |     3 ||    47
       Iskenderun's Batt |       |       |       |    42 |     5 ||    47
       Bolt of Fire      |       |       |       |    13 |     5 ||    18
       Dazzling Spray    |       |       |       |     1 |       ||     1
Invok: Channel Energy    |       |       |       |    44 |     7 ||    51
Evoke: Wand              |       |       |       |     1 |     3 ||     4
  Use: Scroll            |       |     7 |     3 |    17 |     1 ||    28
       Potion            |       |     1 |     1 |       |     1 ||     3
 Stab: Sleeping          |     2 |     2 |     2 |     1 |       ||     7
       Confused          |       |     3 |     5 |     1 |     1 ||    10
  Eat: Chunk             |     2 |    10 |    24 |    48 |     5 ||    89
       Fruit             |       |       |       |     3 |       ||     3
